 Dungeon Sprint DCSS version 0.30-a0-134-gb40fab5c76 (webtiles) character file.

Game seed: 12832969220041877166

19352 howech the Severer (level 12, -2/117 HPs)
             Began as a Minotaur Fighter on Sept 19, 2022.
             Was the Champion of Trog.
             Slain by a bog body (13 damage)
             ... in the Dungeon (Sprint VII: "The Pits") on Sept 20, 2022.
             The game lasted 00:19:49 (2693 turns).

howech the Severer (Minotaur Fighter)               Turns: 2693, Time: 00:19:50

Health: -2/117     AC: 17    Str: 21    XL:     12   Next: 35%
Magic:  11/11      EV: 16    Int:  5    God:    Trog [******]
Gold:   65         SH:  0    Dex: 21    Spells: 11/11 levels left

rFire   . . .      SeeInvis .    s - +4 battleaxe (flame)
rCold   . . .      Faith    .    (shield currently unavailable)
rNeg    . . .      Spirit   .    q - +4 chain mail
rPois   .          Reflect  .    (helmet restricted)
rElec   .          Harm     .    (no cloak)
rCorr   .          Rampage  .    r - +0 pair of gloves
Will    ++...      NoTele   +    (no boots)
Stlth   ..........               (no amulet)
HPRegen 1.29/turn                z - +6 ring of dexterity
MPRegen 0.12/turn                p - +3 ring of protection

@: strong-willed, corroded, on berserk cooldown, regenerating, slowed, very slow
A: horns 2, retaliatory headbutt
a: Renounce Religion, Berserk, Trog's Hand, Brothers in Arms


You were in the Dungeon.
You worshipped Trog.
Trog was exalted by your worship.
You visited 1 branch You collected 65 gold pieces.

Inventory:

Hand Weapons
 a - a +4 vorpal battleaxe
 s - a +4 battleaxe of flaming (weapon)
 v - a +3 antimagic battleaxe
Armour
 q - a +4 chain mail (worn)
 r - a +0 pair of gloves (worn)
Jewellery
 o - a +3 ring of evasion
 p - a +3 ring of protection (right hand)
 x - a ring of positive energy
 y - a ring of protection from fire
 z - a +6 ring of dexterity (left hand)
 A - a +4 ring of protection
Scrolls
 j - a scroll of blinking
 k - 5 scrolls of amnesia
 l - a scroll of summoning
 C - a scroll of identify
 D - 8 scrolls of enchant armour
 E - 2 scrolls of fog
 F - 2 scrolls of enchant weapon
Potions
 c - 2 potions of invisibility
 d - 2 potions of might
 e - 11 potions of curing
 f - 17 potions of heal wounds
 g - a potion of haste
 h - 4 potions of magic
 i - 5 potions of berserk rage


   Skills:
 + Level 14.1 Fighting
 * Level 19.5 Axes
 + Level 11.7 Throwing
 + Level 14.2 Armour
 + Level 12.7 Dodging
 - Level 3.6 Shields
 + Level 12.9 Unarmed Combat
 + Level 10.7 Evocations


You had 11 spell levels left.
You didn't know any spells.
Your spell library was empty.

Dungeon Overview and Level Annotations

Branches:
Dungeon (1/1)

Altars:
Cheibriados
Dithmenos
Elyvilon
Fedhas
Gozag
Hepliaklqana
Makhleb
Nemelex Xobeh
Okawaru
Qazlal
Ru
Sif Muna
Trog
Vehumet
Wu Jian
Xom
Yredelemnul
Zin
The Shining One
Jiyva
Lugonu


Innate Abilities, Weirdness & Mutations

You have a pair of horns on your head.
You reflexively headbutt those who attack you in melee.


Message History

A bog body comes into view.
The water elemental hits you. The bog body barely misses you.
You furiously retaliate!
You headbutt the bog body. The water elemental closely misses you.
The bog body barely misses you.
Items here: ( )) [ †.
Unknown command.
You open the water elemental like a pillowcase!!!
You burn the water elemental!!
You destroy the water elemental!
Trog accepts your kill. Trog grants you a weapon!
Something appears at your feet!
You see here a +0 short sword of flaming.
You hit the bog body. The bog body touches you! The bog body freezes you!!
* * * LOW HITPOINT WARNING * * *
An acid dragon comes into view.
You slash the acid dragon! You burn the acid dragon.
The acid dragon is severely wounded.
You slash the bog body!
The bog body touches you but does no damage.
The acid dragon spits acid at you. The splash of acid hits you!
* * * LOW HITPOINT WARNING * * *
The acid corrodes you!
You hit the acid dragon but do no damage.
You headbutt the acid dragon, but do no damage.
The acid dragon is severely wounded.
You barely miss the bog body. The bog body completely misses you.
The acid dragon bites you!
* * * LOW HITPOINT WARNING * * *
The acid dragon barely misses you.
Unknown command.
You feel much better. The bog body touches you.
* * * LOW HITPOINT WARNING * * *
The bog body freezes you!!
* * * LOW HITPOINT WARNING * * *
The acid dragon misses you. You furiously retaliate!
You headbutt the acid dragon, but do no damage.
The acid dragon completely misses you. The bog body touches you!
You die...

#........ +..#....# +.........
#.........
#######################..#....#.
#....................''.........
#................)...''.........
#..#############)##..##..#....#.
#..# #@#)#..##......... #..#
#D#n##..##......... #..# #E#
#.#..####''####' #..# #t#
##..####''####' #..# #E#
#..##......##.
#..################..##.#)##.##.
##....................##.#:)+.##.
##....................##.').#.##.
###########++###########.#|)+.##.


You could see a fire crab, an earth elemental, a water elemental, a bog body and
an acid dragon.

Vanquished Creatures
  A sphinx (D)
  A shadow dragon (D)
  A hydra (D)
  A merfolk aquamancer (D)
  A deep elf knight (D)
  A sun demon (D)
  A sixfirhy (D)
  A deep troll (D)
  3 sea snakes (D)
  A flayed ghost (D)
  An orc sorcerer (D)
  A deep elf pyromancer (D)
  A cyclops (D)
  2 elephants (D)
  2 gargoyles (D)
  An efreet (D)
  An unseen horror (D)
  A rime drake (D)
  2 demonic crawlers (D)
  2 guardian mummies (D)
  An ice devil (D)
  A red devil (D)
  A merfolk (D)
  A troll (D)
  A wind drake (D)
  5 blink frogs (D)
  5 slime creatures (D)
  A snapping turtle (D)
  A shadow (D)
  A water elemental (D)
  A spriggan (D)
  9 yaks (D)
  A basilisk (D)
  A redback (D)
  A chaos spawn (D)
  A steam dragon (D)
  Edmund (D)
  A warg (D)
  An acid dragon (D)
  5 hell hounds (D)
  A floating eye (D)
  An orc warrior (D)
  4 black bears (D)
  2 ice beasts (D)
  A swamp drake (D)
  A small abomination (D)
  Blork the orc (D)
  A necrophage (D)
  5 wights (D)
  A quasit (D)
  A hound (D)
  2 gnolls (D)
  2 adders (D)
  A river rat (D)
  A white imp (D)
  A worm (D)
  4 orcs (D)
  An endoplasm (D)
  2 kobolds (D)
  A quokka (D)
  A ball python zombie (D)
  2 frilled lizards (D)
  A giant cockroach zombie (D)
  A quokka skeleton (D)
105 creatures vanquished.

Vanquished Creatures (others)
  A smoke demon (D)
1 creature vanquished.

Grand Total: 106 creatures vanquished

Notes
Turn   | Place    | Note
-------+----------+-------------------------------------------
     0 | D        | howech the Minotaur Fighter began the quest for the Orb.
     0 | D        | Reached XP level 1. HP: 19/19 MP: 0/0
    40 | D        | Found a glowing golden altar of the Shining One.
    40 | D        | Found a glowing silver altar of Zin.
    40 | D        | Found a basalt altar of Yredelemnul.
    40 | D        | Found a shimmering altar of Xom.
    40 | D        | Found an ornate altar of the Wu Jian Council.
    40 | D        | Found a bloodstained altar of Trog.
    40 | D        | Found a shimmering blue altar of Sif Muna.
    40 | D        | Found a sacrificial altar of Ru.
    40 | D        | Found a stormy altar of Qazlal.
    40 | D        | Found an iron altar of Okawaru.
    40 | D        | Found a sparkling altar of Nemelex Xobeh.
    40 | D        | Found a burning altar of Makhleb.
    40 | D        | Found a viscous altar of Jiyva.
    40 | D        | Found a hazy altar of Hepliaklqana.
    40 | D        | Found an opulent altar of Gozag.
    40 | D        | Found a blossoming altar of Fedhas.
    40 | D        | Found a white marble altar of Elyvilon.
    40 | D        | Found a shadowy altar of Dithmenos.
    40 | D        | Found a snail-covered altar of Cheibriados.
    41 | D        | Found a radiant altar of Vehumet.
    41 | D        | Found a corrupted altar of Lugonu.
    43 | D        | Became a worshipper of Trog the Wrathful
    54 | D        | Reached skill level 3 in Axes
    56 | D        | Reached skill level 1 in Throwing
    56 | D        | Reached skill level 1 in Dodging
    56 | D        | Reached skill level 1 in Unarmed Combat
    56 | D        | Reached skill level 1 in Evocations
    56 | D        | Reached XP level 2. HP: 24/27 MP: 1/1
    66 | D        | Reached * piety under Trog
    66 | D        | Noticed a floating eye
    69 | D        | Killed a floating eye
    70 | D        | Reached skill level 5 in Fighting
    70 | D        | Reached skill level 6 in Axes
    70 | D        | Reached skill level 5 in Armour
    70 | D        | Reached XP level 3. HP: 35/36 MP: 2/2
    70 | D        | Reached XP level 4. HP: 40/42 MP: 3/3
    78 | D        | Reached ** piety under Trog
    80 | D        | Reached XP level 5. HP: 47/48 MP: 4/4
   147 | D        | Noticed a black bear
   147 | D        | Noticed an ice beast
   154 | D        | Killed a black bear
   155 | D        | Reached skill level 7 in Axes
   156 | D        | Reached *** piety under Trog
   160 | D        | Reached skill level 8 in Axes
   160 | D        | Reached skill level 5 in Unarmed Combat
   160 | D        | Reached XP level 6. HP: 58/58 MP: 5/5
   164 | D        | Reached skill level 5 in Dodging
   165 | D        | Reached **** piety under Trog
   166 | D        | Reached skill level 9 in Axes
   166 | D        | Killed an ice beast
   167 | D        | Reached skill level 5 in Throwing
   169 | D        | Reached XP level 7. HP: 66/66 MP: 6/6
   211 | D        | Reached skill level 10 in Axes
   211 | D        | Reached skill level 5 in Evocations
   304 | D        | Noticed a shadow
   308 | D        | Killed a shadow
   308 | D        | Reached ***** piety under Trog
   560 | D        | Noticed an elephant
   560 | D        | Noticed a deep troll
   574 | D        | Killed a deep troll
   575 | D        | Reached skill level 11 in Axes
   575 | D        | Reached XP level 8. HP: 19/77 MP: 7/7
   581 | D        | Killed an elephant
   582 | D        | Reached skill level 12 in Axes
   830 | D        | Received a gift from Trog
   831 | D        | Reached XP level 9. HP: 80/83 MP: 8/8
   968 | D        | Noticed a sea snake
   968 | D        | Noticed an elephant
   975 | D        | Reached skill level 13 in Axes
   980 | D        | Killed a sea snake
   981 | D        | Reached skill level 10 in Fighting
   981 | D        | Reached skill level 10 in Armour
   983 | D        | Killed an elephant
  1128 | D        | Received a gift from Trog
  1129 | D        | Reached skill level 14 in Axes
  1133 | D        | Noticed a sea snake
  1156 | D        | Reached XP level 10. HP: 72/94 MP: 9/9
  1163 | D        | Killed a sea snake
  1163 | D        | Reached ****** piety under Trog
  1167 | D        | Received a gift from Trog
  1170 | D        | Reached skill level 15 in Axes
  1286 | D        | Noticed Edmund
  1303 | D        | Killed Edmund
  1304 | D        | Reached skill level 10 in Unarmed Combat
  1344 | D        | Reached skill level 10 in Dodging
  1546 | D        | Noticed a cyclops
  1551 | D        | Received a gift from Trog
  1554 | D        | Killed a cyclops
  1557 | D        | Reached skill level 16 in Axes
  1614 | D        | Reached XP level 11. HP: 104/104 MP: 10/10
  1616 | D        | Noticed a flayed ghost
  1627 | D        | Killed a flayed ghost
  1627 | D        | Received a gift from Trog
  1669 | D        | Noticed Blork the orc
  1669 | D        | Noticed a sea snake
  1684 | D        | Killed a sea snake
  1691 | D        | Killed Blork the orc
  1697 | D        | Reached skill level 10 in Throwing
  1709 | D        | Received a gift from Trog
  1724 | D        | Reached skill level 17 in Axes
  1908 | D        | Received a gift from Trog
  2107 | D        | Noticed a deep elf pyromancer
  2110 | D        | Killed a deep elf pyromancer
  2144 | D        | Noticed a sphinx
  2156 | D        | Killed a sphinx
  2201 | D        | Reached skill level 18 in Axes
  2205 | D        | Received a gift from Trog
  2443 | D        | Reached skill level 10 in Evocations
  2542 | D        | Noticed a sixfirhy
  2542 | D        | Noticed a sun demon
  2546 | D        | Killed a sixfirhy
  2548 | D        | Received a gift from Trog
  2552 | D        | Killed a sun demon
  2553 | D        | Reached XP level 12. HP: 115/115 MP: 11/11
  2657 | D        | Noticed an eight-headed hydra
  2657 | D        | Noticed a merfolk aquamancer
  2658 | D        | Noticed a shadow dragon
  2663 | D        | Killed a three-headed hydra
  2676 | D        | Killed a shadow dragon
  2677 | D        | Reached skill level 19 in Axes
  2679 | D        | Received a gift from Trog
  2684 | D        | Killed a merfolk aquamancer
  2690 | D        | Received a gift from Trog
  2693 | D        | Slain by a bog body

Illustrated notes

Levels and vault maps discovered:
D:        pitsprint [storerooms_1, entrance_room_1, metal_vault_3, armoury_1,
          mini_pit_1, grid_room_1, main_hall_1, silver_pit, the_coven_1,
          the_vestibule_1, steel_vault_3, golden_pit, hallway_of_sentries,
          crystal_vault_3, iron_vault_1, final_vault]

Skill      XL: |  1  2  3  4  5  6  7  8  9 10 11 12 |
---------------+-------------------------------------+-----
Axes           | 3 6 8 9 11 12 14 16 18 19 | 19.5
Fighting       | 4 5 6 7 8 9 10 11 13 14 | 14.1
Throwing       | 1 3 4 5 6 7 8 9 11 | 11.7
Armour         | 4 5 6 7 9 10 12 13 14 | 14.2
Dodging        | 1 3 4 5 7 9 10 12 | 12.7
Unarmed Combat | 1 3 5 7 8 9 10 12 | 12.9
Evocations     | 1 2 3 4 5 6 7 8 10 | 10.7
Shields        | |  3.6

Action                   |  1- 3 |  4- 6 |  7- 9 | 10-12 || total
-------------------------+-------+-------+-------+-------++-------
Melee: War axe           |     9 |    23 |    62 |       ||    94
       Headbutt          |     2 |     3 |    19 |    45 ||    69
       Punch             |       |     1 |     6 |       ||     7
       Battleaxe         |       |       |    35 |   192 ||   227
Invok: Trog's Hand       |       |     1 |     4 |     7 ||    12
       Berserk           |       |     1 |     4 |     6 ||    11
  Use: Potion            |       |       |     1 |     2 ||     3
 Stab: Confused          |       |       |       |     1 ||     1
Armor: Scale mail        |     1 |    12 |       |       ||    13
       Chain mail        |       |     9 |    55 |    97 ||   161
Dodge: Dodged            |     2 |    17 |    54 |   110 ||   183

Table legend: (Time is in decaauts)
 A = Elapsed time spent in this place.
 B = Non-inter-level travel time spent in this place.
 C = Inter-level travel time spent in this place.
 D = Time resting spent in this place.
 E = Time spent auto-exploring this place.
 F = Levels seen in this place.
 G = Mean time per level.
                   A        B        C        D        E       F      G
               +--------+--------+--------+--------+--------+-----+--------+
         Total |   2744 |   2553 |    191 |   1379 |      0 |   1 | 2744.0 |
       Dungeon |   2744 |   2553 |    191 |   1379 |      0 |   1 | 2744.0 |
               +--------+--------+--------+--------+--------+-----+--------+

Top non-repeatable levels by time:
       D: 2744 daAuts
